 Dungeon Crawl Stone Soup version 0.31-a0-365-gcf821cafb2 (webtiles) character file.

Game seed: 13527715894708618101

1 HallandMoats the Trooper (level 1, -2/18 HPs)
             Began as a Demonspawn Fighter on July 27, 2023.
             Slain by a gnoll
             ... wielding a +0 spear
              (5 damage)
             ... on level 1 of the Dungeon.
             The game lasted 00:00:40 (49 turns).

HallandMoats the Trooper (Demonspawn Fighter)         Turns: 49, Time: 00:00:41

Health: -2/18      AC:  6    Str: 16    XL:     1   Next: 16%
Magic:  1/1        EV:  8    Int:  9    God:
Gold:   0          SH:  4    Dex: 12    Spells: 0/0 levels left

rFire   . . .        a - +0 war axe
rCold   . . .        c - +0 buckler
rNeg    . . .        b - +0 scale mail
rPois   .            (no helmet)
rElec   .            (no cloak)
rCorr   .            (no gloves)
SInv    .            (no boots)
Will    .....        (no amulet) Stlth
                     (no ring)
HPRegen 0.23/turn    (no ring)
MPRegen 0.07/turn

%: no passive effects
@: no status effects
A: no striking features
a: no special abilities


You were on level 1 of the Dungeon.
You visited 1 branch of the dungeon, and saw 1 of its levels.

Inventory:

Hand Weapons
 a - a +0 war axe (weapon)
Armour
 b - a +0 scale mail (worn)
 c - a +0 buckler (worn)
Scrolls
 e - a scroll of summoning {unknown}
Potions
 d - a potion of might


   Skills:
 * Level 3.0 Fighting
 + Level 1.8 Axes
 - Level 2.6 Armour
 - Level 2.6 Shields
 * Level 0.2 Invocations


You couldn't memorise any spells.
You didn't know any spells.
Your spell library was empty.

Dungeon Overview and Level Annotations

Branches:
Dungeon (1/15)

Altars:


Message History

You slash the rat!
You kill the rat!
The gnoll hits you from afar with a +0 spear!
You see here a rat corpse.
A gnoll opens the door.
Found 11 gold pieces.
An endoplasm comes into view.
The endoplasm quivers.
Really walk into that dispersal trap?
You enter a dispersal trap!
The quokka blinks! x2; The gnoll blinks!
The endoplasm blinks!
You blink.
You hit the quokka.
The quokka is moderately wounded.
The quokka completely misses you. The quokka barely misses you.
You barely miss the quokka.
The quokka is moderately wounded.
The quokka barely misses you. The quokka bites you.
You closely miss the quokka.
The quokka is moderately wounded.
The quokka bites you but does no damage.
You block the gnoll's attack.
You barely miss the quokka.
The quokka is moderately wounded.
The quokka bites you. The gnoll hits you but does no damage.
The quokka bites you but does no damage.
You barely miss the quokka.
The quokka is moderately wounded.
The quokka bites you but does no damage.
You block the gnoll's attack. The quokka bites you.
The gnoll barely misses you.
You barely miss the quokka.
The quokka is moderately wounded.
The quokka bites you.
* * * LOW HITPOINT WARNING * * *
The gnoll barely misses you.
The quokka bites you but does no damage.
You closely miss the quokka.
The quokka is moderately wounded.
The gnoll hits you from afar with a +0 spear.
You die...

#§# # #.# # #.#$#.#
.#.#.### .J....
###.#.#####+####
#.^...##PP#.#PP## #.
#.#.###PP.#.#~~P## #..
#.#@##PP..#.#~~~P##
#...#.#r#P....#.#~~~~P#
#...#.#g#P.P..#.#~~~~P#
#...#...#######.#######
#.....#.'......<......+
#.#.#...#######.#######
#.#.#.#.#P~~~~#.#...PP#
#.......#P~~~~#.#....P#
###.†...##P~~~#.#...P##


You could see a gnoll, an endoplasm and a quokka.

Vanquished Creatures
  A bat (D:1)
  A rat (D:1)
2 creatures vanquished.

Notes
Turn   | Place    | Note
-------+----------+-------------------------------------------
     0 | D:1      | HallandMoats the Demonspawn Fighter began the quest for the
                  | Orb.
     0 | D:1      | Reached XP level 1. HP: 18/18 MP: 1/1
    49 | D:1      | Slain by a gnoll

Illustrated notes

Levels and vault maps discovered:
D:1:      psy_arrival_terrarium, layout_basic, minmay_ruptured

Action                     || total
---------------------------++-------
  Melee: War axe           ||    11
 Armour: Scale mail        ||    11
  Dodge: Dodged            ||     9
  Block: Buckler           ||     3

Table legend: (Time is in decaauts)
 A = Elapsed time spent in this place.
 B = Non-inter-level travel time spent in this place.
 C = Inter-level travel time spent in this place.
 D = Time resting spent in this place.
 E = Time spent auto-exploring this place.
 F = Levels seen in this place.
 G = Mean time per level.
                   A        B        C        D        E       F      G
               +--------+--------+--------+--------+--------+-----+--------+
         Total |     53 |     53 |      0 |      0 |     12 |   1 |   53.0 |
       Dungeon |     53 |     53 |      0 |      0 |     12 |   1 |   53.0 |
               +--------+--------+--------+--------+--------+-----+--------+

Top non-repeatable levels by time:
     D:1: 53 daAuts
